 Dungeon Crawl Stone Soup version 0.31-a0-455-g1a7b003ef0 (webtiles) character file.

Game seed: 9430651940568445352

206 floatRand the Insei (level 6, -6/70 HPs)
             Began as a Meteoran Shapeshifter on Aug 3, 2023.
             Was a Believer of Wu Jian.
             Mangled by an ogre
             ... wielding a +0 giant spiked club
              (20 damage)
             ... on level 5 of the Dungeon.
             The game lasted 00:02:54 (774 turns).

floatRand the Insei (Meteoran Shapeshifter)          Turns: 774, Time: 00:02:54

Health: -6/70      AC: 23    Str: 16    XL:     6   Next: 32%
Magic:  7/7        EV:  2    Int: 10    God:    Wu Jian [**....]
Gold:   102        SH:  0    Dex: 17    Spells: 5/5 levels left

rFire   . .          .
                       - Unarmed
rCold   . . .        (no shield)
rNeg    . . .        a - melded +0 animal skin
rPois   +            (helmet currently unavailable)
rElec   .            (cloak currently unavailable)
rCorr   .            (gloves currently unavailable)
SInv    .            (boots currently unavailable)
Will    .....        (no amulet)
Stlth   +            (no ring)
HPRegen 0.31/turn    (no ring)
MPRegen 0.10/turn

%: no passive effects
@: tree-form, glowing
A: stationary, stasis, torment immunity, boosted hp, sense surroundings 1,
otherworldly, glowing, explore regen
a: Renounce Religion, Wall Jump


You were on level 5 of the Dungeon.
You worshipped Wu Jian.
Wu Jian was pleased with you.
You were a tree.
You visited 1 branch of the dungeon, and saw 5 of its levels.

You collected 102 gold pieces.

Inventory:

Armour
 a - a +0 animal skin (melded)
 k - a +0 pair of boots
Talismans
 c - a beast talisman
Scrolls
 e - a scroll of torment {unknown}
 f - a scroll of poison
Potions
 g - a potion of resistance
 h - a potion of invisibility
 i - a potion of might
 l - a potion of attraction {unknown}
 m - a potion of haste {unknown}


   Skills:
 - Level 1.1 Fighting
 - Level 2.4 Dodging
 * Level 6.5 Unarmed Combat
 + Level 4.8 Shapeshifting


You had 5 spell levels left.
You didn't know any spells.
Your spell library was empty.

Dungeon Overview and Level Annotations

Branches:
Dungeon (5/15) Zot: 2235
 Temple: D:4-7

Altars:
Wu Jian

Shops:
D:1 *=


Innate Abilities, Weirdness & Mutations

You are a tree.
Your roots penetrate the ground, keeping you stationary.
You cannot be teleported.
You are immune to unholy pain and torment.
Your maximum health is greatly increased.
Your equipment is partially melded.
You passively map a small area around you.
You are easily found by Zot.
You glow in the dark.
You regain HP and MP as you explore.


Message History

As you read the scroll of identify, it crumbles to dust.
i - a potion of might Unknown command.
Your surroundings suddenly seem different.
An ogre comes into view. It is wielding a +0 giant spiked club.
Found a ring mail.
The ogre shouts!
You hear an angry hiss.
You hear a shout!
You hear an angry hiss. x2; You hear a shout! x3
An orc priest comes into view. It is wielding a +0 club.
An orc comes into view. It is wielding a +0 hand axe.
You hit the ogre.
The ogre is lightly wounded.
An iguana comes into view.
The ogre misses you.
The orc priest invokes the aid of Beogh against you.
Beogh smites you!
Unknown command.
You punch the ogre!
The ogre is moderately wounded.
Unknown command.
You hit the ogre.
The ogre is moderately wounded.
An orc comes into view. It is wielding a +0 dagger.
The ogre hits you with a +0 giant spiked club!!
Ouch! That really hurt!
* * * LOW HITPOINT WARNING * * *
The orc shouts!
Really quaff the potion of lignification?
Your transformation has ended.
You turn into a tree.
Your +0 animal skin melds into your body.
Your roots penetrate the ground.
An orc comes into view. It is wielding a +0 club.
The orc priest looks encouraged for a moment.
An orc comes into view. It is wielding a +0 club.
Okay, then.
You hit the ogre.
The ogre is heavily wounded.
The ogre hits you with a +0 giant spiked club!!
You die...

* * # *
.### *##[..
...##.# *
###.#l....,
, #..O..# *
#.♣##.# , ,
#..#* ,*
#... #..##
* ,, *** *
#oo# * #.o#
, , *#...
,** * *
**.o.o
,**,, * *


You could see an ogre, an iguana, an orc priest and 4 orcs.

Vanquished Creatures
  A scorpion (D:4)
  A gnoll bouda (D:4)
  An iguana (D:4)
  Robin (D:4)
  A gnoll (D:5)
  An adder (D:4)
  An ufetubus (D:4)
  2 worms
  2 dart slugs
  An orc (D:4)
  2 ball pythons
  4 endoplasms
  2 giant cockroaches
  13 goblins
  7 hobgoblins
  A quokka (D:1)
  3 bats
  2 frilled lizards (D:1)
  A kobold (D:4)
  2 rats
49 creatures vanquished.

Notes
Turn   | Place    | Note
-------+----------+-------------------------------------------
     0 | D:1      | floatRand the Meteoran Shapeshifter began the quest for the
                  | Orb.
     0 | D:1      | Reached XP level 1. HP: 16/16 MP: 2/2
    78 | D:1      | Found Xofedghi's Jewellery Shoppe.
    80 | D:1      | Found Okhlihura's General Store.
    89 | D:1      | Reached XP level 2. HP: 20/23 MP: 3/3
    91 | D:1      | Reached skill level 4 in Unarmed Combat
   119 | D:1      | Found a faded altar of an unknown god.
   135 | D:1      | Prayed at the altar of an unknown god.
   135 | D:1      | Became a worshipper of the Wu Jian Council
   135 | D:1      | Reached * piety under Wu Jian
   191 | D:2      | Reached XP level 3. HP: 25/28 MP: 4/4
   244 | D:2      | Found an ornate altar of the Wu Jian Council.
   578 | D:4      | Reached XP level 4. HP: 22/35 MP: 5/5
   578 | D:4      | Noticed a scorpion
   579 | D:4      | Reached skill level 5 in Unarmed Combat
   585 | D:4      | Killed a scorpion
   586 | D:4      | Reached XP level 5. HP: 15/40 MP: 6/6
   647 | D:4      | Reached skill level 6 in Unarmed Combat
   665 | D:4      | Noticed Robin
   667 | D:4      | Reached ** piety under Wu Jian
   683 | D:4      | Killed Robin
   684 | D:4      | Reached XP level 6. HP: 19/47 MP: 7/7
   751 | D:5      | Entered Level 5 of the Dungeon
   768 | D:5      | Noticed an ogre
   774 | D:5      | Mangled by an ogre

Illustrated notes

Levels and vault maps discovered:
D:1:      amcnicky_arrival_abandoned_market, layout_rooms, serial_shops,
          nicolae_diamond_shop, shop, ebering_ecumenical_altar_petrified,
          minmay_hexomino_r4
D:2:      layout_basic, basic_altar, minmay_lizard_pond, uniq_jessica
D:3:      layout_basic, minmay_misc_feat_four_crosses
D:4:      layout_rooms, nicolae_overflow_hidden_temple, nicolae_zen_rock_garden,
          minmay_statues_item, uniq_robin
D:5:      layout_layer_cave, eat_drink_and_be_merry_uskayaw,
          grunt_decor_one_mirror, minmay_diced_spiral

Skill      XL: |  1  2  3  4  5 |
---------------+----------------+-----
Unarmed Combat | 4 5 6 |  6.5
Shapeshifting  | 4 |  4.8
Fighting       | |  1.1
Dodging        | |  2.4

Action                     |  1- 3 |  4- 6 || total
---------------------------+-------+-------++-------
  Melee: Unarmed           |    54 |    61 ||   115
         Punch             |     1 |     4 ||     5
Ability: Lunge             |     6 |     3 ||     9
         Whirlwind         |     1 |     7 ||     8
    Use: Scroll            |     1 |     4 ||     5
         Potion            |       |     1 ||     1
 Armour: Animal skin       |     5 |     1 ||     6
  Dodge: Dodged            |    12 |    23 ||    35

Table legend: (Time is in decaauts)
 A = Elapsed time spent in this place.
 B = Non-inter-level travel time spent in this place.
 C = Inter-level travel time spent in this place.
 D = Time resting spent in this place.
 E = Time spent auto-exploring this place.
 F = Levels seen in this place.
 G = Mean time per level.
                   A        B        C        D        E       F      G
               +--------+--------+--------+--------+--------+-----+--------+
         Total |    763 |    735 |     28 |    100 |      0 |   5 |  152.6 |
       Dungeon |    763 |    735 |     28 |    100 |      0 |   5 |  152.6 |
               +--------+--------+--------+--------+--------+-----+--------+

Top non-repeatable levels by time:
     D:4: 271 daAuts
     D:3: 206 daAuts
     D:1: 145 daAuts
     D:2: 119 daAuts
     D:5: 21 daAuts
